 Dungeon Crawl Stone Soup version 0.17.1-2-g5865329 (webtiles) character file.

2793 PossumBlood the Archer (level 9, -2/54 HPs)
             Began as a High Elf Hunter on Jan 30, 2016.
             Was a Follower of Okawaru.
             Slain by Peloso's ghost (9 damage)
             ... on level 8 of the Dungeon.
             The game lasted 00:32:49 (6404 turns).

PossumBlood the Archer (High Elf Hunter)            Turns: 6404, Time: 00:32:49

Health: -2/54      AC: 12    Str: 16    XL:     9   Next: 43%
Magic:  10/10      EV: 22    Int: 15    God:    Okawaru [*.....]
Gold:   596        SH:  0    Dex: 20    Spells: 0 memorised, 8 levels left

rFire  + . .     SeeInvis .     N - +1 rapier (protect)
rCold  . . .     Clarity  .     c - +0 leather armour
rNeg   . . .     SustAt   .     (no shield)
rPois  .         Gourm    .     G - +1 helmet
rElec  .         Spirit   .     Q - +1 cloak
rCorr  +         Warding  .     (no gloves)
rMut   .         Stasis   .     (no boots)
MR     .....                    O - amulet of resist corrosion
Stlth  ++........               l - ring of protection from fire
                                t - +4 ring of evasion

@: mighty, very slightly contaminated, hasted, very quick, not resistant to
hostile enchantments, unstealthy
A: no striking features
a: Heroism, Renounce Religion


You were on level 8 of the Dungeon.
You worshipped Okawaru.
Okawaru was aware of your devotion.
You were hungry.

You visited 2 branches of the dungeon, and saw 9 of its levels.
You also visited: Ossuary.

You collected 596 gold pieces.

Inventory:

Hand Weapons
 a - a +3 shortbow
 u - a +2 dagger of venom
 N - a +1 rapier of protection (weapon)
 P - a +4 quarterstaff of chaos
Armour
 c - a +0 leather armour (worn)
 G - a +1 helmet (worn)
 K - a +5 plate armour of ponderousness
 Q - a +1 cloak (worn)
Jewellery
 l - a ring of protection from fire (right hand)
 t - a +4 ring of evasion (left hand)
 v - a +6 ring of intelligence
 y - an uncursed ring of ice
 B - an uncursed ring of teleportation
 E - an uncursed ring of flight
 O - an amulet of resist corrosion (around neck)
Wands
 I - a wand of frost (36)
 M - a wand of fire (15)
Scrolls
 g - 4 scrolls of fear
 j - 7 scrolls of remove curse
 s - 2 scrolls of teleportation
 D - a scroll of amnesia
Potions
 b - 2 potions of haste
 i - a potion of degeneration {unknown}
 k - a potion of invisibility
 n - a potion of mutation
 q - 4 potions of brilliance
 w - a potion of agility
 z - a potion of ambrosia
 A - 2 potions of lignification
 C - a potion of flight
 H - a potion of cancellation {unknown}
 J - a potion of experience {unknown}
 L - a potion of magic {unknown}
Books
 x - a book of Alchemy

   Spells                             Type                      Level
   a - Sublimation of Blood           Necromancy                   2
   b - Ignite Poison                  Fire/Transmutation/Poison    3
   c - Alistair's Intoxication        Transmutation/Poison         4
   d - Condensation Shield            Ice                          4
   e - Petrify                        Transmutation/Earth          4
   f - Irradiate                      Conjuration/Transmutation    5
Comestibles
 e - 2 bread rations
 h - 4 meat rations
 m - 2 fruits
 F - a beef jerky


   Skills:
 - Level 2.0 Fighting
 - Level 14.4 Bows
 * Level 7.9 Dodging
 - Level 1.1 Stealth


You had 8 spell levels left.
You didn't know any spells.

Dungeon Overview and Level Annotations

Branches:
Dungeon (8/15)             Temple (1/1) D:6
   Lair: D:8-11

Altars:
Ashenzari
Cheibriados
Dithmenos
Elyvilon
Fedhas
Gozag
Kikubaaqudgha
Makhleb
Nemelex Xobeh
Okawaru
Qazlal
Ru
Sif Muna
Vehumet
Xom
Zin
The Shining One

Shops:
D:7 *

Annotations:
D:3 1 runed door
D:8 Peloso's ghost, novice MiFi


Message History

Peloso's ghost misses you.
You hit Peloso's ghost but do no damage.
Peloso's ghost is almost destroyed.
Peloso's ghost barely misses you.
You closely miss Peloso's ghost.
Peloso's ghost is almost destroyed.
Peloso's ghost hits you!
* * * LOW HITPOINT WARNING * * *
You hit Peloso's ghost.
Peloso's ghost is almost destroyed.
You hit Peloso's ghost.
Peloso's ghost is almost destroyed.
Peloso's ghost closely misses you.
You hit Peloso's ghost.
Peloso's ghost is almost destroyed.
Peloso's ghost closely misses you.
You hit Peloso's ghost but do no damage.
Peloso's ghost is almost destroyed.
Peloso's ghost hits you!
You die...

#### ##..##
#....# #....##
#.@W..## .
#.....<####.(..
##..##.(((.(..(
##########(###


You could see Peloso's ghost.

Vanquished Creatures
  Pikel (D:4)
  An orc warrior (D:7)
  3 centaurs
  4 sky beasts
  A black bear (D:6)
  An ice beast (D:5)
  2 ogres
  A crocodile (D:8)
  2 giant frogs
  3 scorpions
  6 crimson imps
  2 hounds
  2 giant frog skeletons
  2 orc priests
  Crazy Yiuf (D:7)
  2 orc wizards
  A gnoll shaman (D:8)
  2 worker ants
  A hound skeleton (D:4)
  8 mummies (Ossuary)
  8 gnolls
  A shadow imp (D:7)
  10 adders
  3 oozes
  An adder skeleton (D:6)
  An adder zombie (D:5)
  3 giant geckos
  19 orcs
  4 ball pythons
  12 bats
  6 giant cockroaches
  6 goblins
  11 hobgoblins
  9 jackals
  5 kobolds
  2 quokkas
  A giant gecko skeleton (D:4)
  2 giant newts
  4 hobgoblin zombies (Ossuary)
  A kobold zombie (Ossuary)
  3 orc zombies (Ossuary)
  7 rats
165 creatures vanquished.

Vanquished Creatures (others)
  3 orcs (D:4)
3 creatures vanquished.

Grand Total: 168 creatures vanquished

Notes
Turn   | Place    | Note
--------------------------------------------------------------
     0 | D:1      | PossumBlood the High Elf Hunter began the quest for the Orb.
     0 | D:1      | Reached XP level 1. HP: 14/14 MP: 2/2
    71 | D:1      | Reached skill level 6 in Bows
    71 | D:1      | Reached XP level 2. HP: 19/19 MP: 3/3
   489 | D:1      | Reached XP level 3. HP: 21/24 MP: 4/4
  1025 | D:2      | Reached skill level 7 in Bows
  1160 | D:2      | Reached XP level 4. HP: 14/29 MP: 5/5
  1402 | D:2      | Reached skill level 8 in Bows
  1441 | D:2      | Found a shadowy altar of Dithmenos.
  1687 | D:3      | Found a glowing silver altar of Zin.
  1687 | D:3      | Noticed an angel
  1688 | D:3      | Found a runed door.
  1868 | D:3      | Reached XP level 5. HP: 34/34 MP: 6/6
  2329 | D:3      | Found an opulent altar of Gozag.
  2560 | D:4      | Found a sand-covered staircase.
  2565 | Ossuary  | Entered an ossuary
  2594 | Ossuary  | Reached skill level 9 in Bows
  2773 | Ossuary  | Reached XP level 6. HP: 39/39 MP: 7/7
  3189 | D:4      | Reached skill level 10 in Bows
  3245 | D:4      | Noticed a slave
  3250 | D:4      | Noticed Pikel
  3251 | D:4      | Noticed a slave
  3253 | D:4      | Noticed a slave
  3255 | D:4      | Noticed a slave
  3263 | D:4      | Killed Pikel
  3263 | D:4      | Reached skill level 12 in Bows
  3263 | D:4      | Reached XP level 7. HP: 31/45 MP: 8/8
  3454 | D:4      | Found a glowing silver altar of Zin.
  3454 | D:4      | Found a sparkling altar of Nemelex Xobeh.
  3653 | D:4      | Noticed an ogre
  3661 | D:4      | Killed an ogre
  3816 | D:5      | Entered Level 5 of the Dungeon
  3828 | D:5      | Reached XP level 8. HP: 48/50 MP: 9/9
  3860 | D:5      | Reached skill level 13 in Bows
  4242 | D:5      | Reached skill level 14 in Bows
  4660 | D:6      | Found an ancient bone altar of Kikubaaqudgha.
  4930 | D:6      | Found a staircase to the Ecumenical Temple.
  4948 | Temple   | Entered the Ecumenical Temple
  4952 | Temple   | Became a worshipper of Warmaster Okawaru
  5173 | D:7      | Found Syqisats's Assorted Antiques.
  5192 | D:7      | Reached XP level 9. HP: 54/54 MP: 10/10
  5208 | D:7      | Reached skill level 5 in Dodging
  6007 | D:7      | Noticed Crazy Yiuf
  6010 | D:7      | Killed Crazy Yiuf
  6263 | D:8      | Reached * piety under Okawaru
  6288 | D:8      | Noticed Peloso's ghost (novice MiFi)
  6404 | D:8      | Slain by Peloso's ghost

Action                   |  1- 3 |  4- 6 |  7- 9 || total
-------------------------+-------+-------+-------++-------
Melee: Short sword       |       |     4 |       ||     4
       Rapier            |       |       |    45 ||    45
 Fire: Shortbow          |    83 |   200 |   375 ||   658
Throw: Javelin           |       |       |     3 ||     3
  Use: Scroll            |     4 |    10 |    12 ||    26
       Potion            |       |       |    12 ||    12
  Eat: Beef jerky        |     1 |       |     2 ||     3
       Fruit             |       |     1 |     1 ||     2
       Bread ration      |       |     1 |       ||     1
       Pizza             |       |       |     2 ||     2
       Royal jelly       |       |       |     1 ||     1
